 Dungeon Crawl Stone Soup version 0.31-a0-198-g2ad674f65e (webtiles) character file.

Game seed: 17483282751720482828

67 qw the Shooter (level 3, -1/20 HPs)
             Began as a Deep Elf Hunter on June 25, 2023.
             Slain by an orc
             ... wielding a +1 mace of protection
              (2 damage)
             ... on level 3 of the Dungeon.
             The game lasted 00:00:32 (1931 turns).

qw the Shooter (Deep Elf Hunter)                    Turns: 1931, Time: 00:00:33

Health: -1/20      AC:  9    Str: 10    XL:     3   Next: 98%
Magic:  5/5        EV: 11    Int: 13    God:
Gold:   121        SH:  0    Dex: 18    Spells: 2/2 levels left

rFire   . . .        Y - +0 shortbow
rCold   . . .        (shield currently unavailable)
rNeg    . . .        d - +0 ring mail
rPois   .            i - +0 helmet
rElec   .            m - +2 cloak
rCorr   .            (no gloves)
SInv    .            (no boots)
Will    .....        (no amulet)
Stlth   +            (no ring)
HPRegen 0.23/turn    (no ring)
MPRegen 0.09/turn

%: no passive effects
@: about to teleport
A: no striking features
a: no special abilities


You were on level 3 of the Dungeon.
You visited 1 branch of the dungeon, and saw 3 of its levels.

You collected 121 gold pieces.


   Skills:
 - Level 1.5 Fighting
 + Level 7.4 Ranged Weapons
 - Level 2.4 Dodging
 - Level 1.2 Stealth


You had 2 spell levels left.
You didn't know any spells.
Your spell library was empty.

Inventory:

Hand Weapons
 Y - a +0 shortbow (weapon)
Armour
 d - a +0 ring mail (worn)
 i - a +0 helmet (worn)
 m - a +2 cloak (worn)
Scrolls
 j - 2 scrolls of teleportation
Potions
 a - a potion of haste {unknown}
 b - a potion of berserk rage {unknown}
 e - 4 potions of curing
 l - a potion of heal wounds {unknown}

Dungeon Overview and Level Annotations

Branches:
Dungeon (3/15)

Altars:
Ru


Message History

The orc closely misses you.
You shoot an arrow. The arrow closely misses the orc.
The arrow hits the orc.
The orc is moderately wounded.
The orc hits you but does no damage.
The orc hits you with a +1 mace of protection.
You shoot an arrow. The arrow hits the orc.
The orc is almost dead.
The orc closely misses you. The orc hits you but does no damage.
You shoot an arrow.
The arrow hits the orc but does no damage.
The orc is almost dead.
The orc hits you but does no damage. x3
You shoot an arrow. The arrow closely misses the orc.
The orc hits you with a +1 mace of protection.
The orc closely misses you. The orc hits you but does no damage. x3
You shoot an arrow. The arrow barely misses the orc.
The orc hits you with a +1 mace of protection.
The orc hits you but does no damage. x2
You shoot an arrow.
The arrow hits the orc but does no damage.
The orc is almost dead.
The orc hits you but does no damage.
An orc comes into view. It is wielding a +0 mace.
The orc hits you but does no damage. x2; The orc completely misses you.
You shoot an arrow. The orc shouts!
The arrow hits the orc but does no damage.
The orc is almost dead.
The orc hits you but does no damage. x2; The orc misses you.
The orc closely misses you.
You shoot an arrow. The arrow closely misses the orc.
The orc hits you but does no damage. The orc closely misses you.
The orc hits you with a +1 mace of protection.
The orc hits you but does no damage.
1931 ||| READING 3 scrolls of teleportation.
As you read the scroll of teleportation, it crumbles to dust.
You feel strangely unstable. The orc hits you but does no damage.
The orc hits you with a +1 mace of protection.
You die...

.# #.# ######.#
##+########......#
#.........#......#
#.........#......#
#.........#......#
##.oo......#......###
#.oo@......'.........
#.....o########......###
#..#### ######## .


You could see 5 orcs.

Vanquished Creatures
  2 adders (D:2)
  A dart slug (D:1)
  2 worms
  7 bats
  5 endoplasms
  2 giant cockroaches
  3 goblins (D:2)
  6 hobgoblins
  2 kobolds
  A quokka (D:2)
  5 ball pythons
  A frilled lizard (D:2)
  A rat (D:1)
38 creatures vanquished.

Notes
Turn   | Place    | Note
-------+----------+-------------------------------------------
     0 | D:1      | qw the Deep Elf Hunter began the quest for the Orb.
     0 | D:1      | Reached XP level 1. HP: 12/12 MP: 3/3
     0 | D:1      | 0 ||| qw: Version: 0.3-a-22-g0ed2b0b
     0 | D:1      | 0 ||| qw: Game counter: 5477
     0 | D:1      | 0 ||| qw: Melee chars always use a shield: true
     0 | D:1      | 0 ||| qw: God list: Okawaru
     0 | D:1      | 0 ||| qw: Allow faded altars: false
     0 | D:1      | 0 ||| qw: Do Orc after clearing Dungeon:15 true
     0 | D:1      | 0 ||| qw: Do second Lair branch before Depths: true
     0 | D:1      | 0 ||| qw: Lair rune preference: random
     0 | D:1      | 0 ||| qw: Goals: Normal
     0 | D:1      | 0 ||| PLANNING D:1-11
   132 | D:1      | Reached XP level 2. HP: 14/16 MP: 4/4
   135 | D:1      | Reached skill level 6 in Ranged Weapons
   146 | D:1      | HP: 4/16 [kobold/+0 dagger (2)]
   552 | D:1      | You fall into a shaft and drop 1 floor!
   643 | D:2      | 643 ||| UPGRADING to +0 ring mail.
   649 | D:2      | 649 ||| UPGRADING to +0 leather armour.
   654 | D:2      | 654 ||| UPGRADING to +0 ring mail.
   664 | D:2      | 664 ||| DROPPING +0 leather armour.
   665 | D:2      | 665 ||| UPGRADING to +0 cloak.
   670 | D:2      | 670 ||| UPGRADING to +0 helmet.
   675 | D:2      | 675 ||| UPGRADING to +2 cloak.
   685 | D:2      | 685 ||| DROPPING +0 cloak.
   686 | D:2      | 686 ||| READING scroll labelled RYENIA JELUQ.
   687 | D:2      | 687 ||| READING scroll labelled LUURAA XEAMY.
   688 | D:2      | 688 ||| READING 4 scrolls labelled JIRGHI OROUTOGINE.
   693 | D:2      | 693 ||| READING scroll labelled REUV FAAPA.
   694 | D:2      | 694 ||| DRINKING 4 smoky brown potions.
   695 | D:2      | 695 ||| DROPPING scroll of butterflies.
   953 | D:1      | 953 ||| READING scroll labelled XEBRAD DOIFIT.
  1023 | D:2      | Reached XP level 3. HP: 20/20 MP: 5/5
  1192 | D:2      | Reached skill level 7 in Ranged Weapons
  1458 | D:2      | Found a sacrificial altar of Ru.
  1930 | D:3      | HP: 1/20 [orc/+1 mace of protection (6)]
  1931 | D:3      | 1931 ||| READING 3 scrolls of teleportation.
  1931 | D:3      | Slain by an orc

Levels and vault maps discovered:
D:1:      tarquinn_simple_flora_water_d, layout_loops_ring,
          chequers_serial_rivers_micro_e, minmay_strange_pillars, minmay_cupped
D:2:      layout_basic, basic_altar, grunt_ministairs_11
D:3:      layout_basic, worldfamousw_hep_ancestral_shrine,
          palyth_stone_intersect, kennysheep_jessica_study

Skill      XL: |  1  2  3 |
---------------+----------+-----
Ranged Weapons | 6 7 |  7.4
Fighting       | |  1.5
Dodging        | |  2.4
Stealth        | |  1.2

Action                     || total
---------------------------++-------
   Fire: Shortbow          ||   125
    Use: Scroll            ||     6
         Potion            ||     1
 Armour: Ring mail         ||    34
         Leather armour    ||     8
  Dodge: Dodged            ||    44

Table legend:
 A = Non-vault XP
 B = Vault XP
 C = Vault XP percentage of total XP
 D = Non-vault monster count
 E = Vault monster count
 F = Vault count percentage of total count
                 A         B        C        D         E       F
            +---------+---------+-------+---------+---------+-------
      Total |      90 |       6 |   6.2 |      34 |       4 |  10.5
            +---------+---------+-------+---------+---------+-------
        D:1 |      22 |       3 |  12.0 |      11 |       2 |  15.4
        D:2 |      59 |       3 |   4.8 |      20 |       2 |   9.1
        D:3 |       9 |       0 |   0.0 |       3 |       0 |   0.0
            +---------+---------+-------+---------+---------+-------
